 Dungeon Crawl Stone Soup version 0.31-b1-20-g67cafac56d (webtiles) character file.

Game seed: 8315449476731228401

65 zepal the Trooper (level 3, -1/29 HPs)
             Began as a Demonspawn Berserker on Jan 17, 2024.
             Was a Believer of Trog.
             Slain by a gnoll
             ... wielding a +0 spear
              (7 damage)
             ... on level 3 of the Dungeon.
             The game lasted 00:02:06 (1830 turns).

zepal the Trooper (Demonspawn Berserker)            Turns: 1830, Time: 00:02:07

Health: -1/29      AC:  2    Str: 19    XL:     3   Next: 92%
Magic:  3/3        EV: 12    Int:  7    God:    Trog [**....]
Gold:   123        SH:  0    Dex: 12    Spells: 2/2 levels left

rFire   . . .        a - +0 mace
rCold   . . .        (no shield)
rNeg    . . .        b - +0 animal skin
rPois   .            (no helmet)
rElec   .            (no cloak)
rCorr   .            (no gloves)
SInv    .            (no boots)
Will    .....        (no amulet)
Stlth   +            (no ring)
HPRegen 0.24/turn    (no ring)
MPRegen 0.08/turn

%: no passive effects
@: no status effects
A: hooves 2
a: Renounce Religion, Berserk, Trog's Hand


You were on level 3 of the Dungeon.
You worshipped Trog.
Trog was pleased with you.
You visited 1 branch of the dungeon, and saw 3 of its levels.

You collected 123 gold pieces.

Inventory:

Hand Weapons
 a - a +0 mace (weapon)
Armour
 b - a +0 animal skin (worn)
Wands
 n - a wand of flame (25)
Scrolls
 f - 2 scrolls of identify {unknown}
 g - a scroll of revelation {unknown}
 h - a scroll of noise {unknown}
 i - a scroll of amnesia {unknown}
 k - a scroll of summoning {unknown}
 m - a scroll of torment {unknown}
Potions
 c - a potion of lignification {unknown}
 d - a potion of haste {unknown}
 e - 2 potions of curing {unknown}
 j - a potion of brilliance {unknown}
 l - a potion of heal wounds {unknown}


   Skills:
 + Level 3.6 Fighting
 + Level 3.2 Maces & Flails
 + Level 2.3 Armour
 + Level 2.4 Dodging


You had 2 spell levels left.
You didn't know any spells.
Your spell library was empty.

Dungeon Overview and Level Annotations

Branches:
Dungeon (3/15)

Altars:

Shops:
D:2 ?


Innate Abilities, Weirdness & Mutations

You have hoof-like feet.


Message History

You climb upwards.
There is a stone staircase leading down here.
You climb downwards.
There is a stone staircase leading up here.
Done exploring.
Done exploring.
Unknown command.
Unknown command.
Done exploring.
Done exploring.
Done exploring.
There is a stone staircase leading down here.
You climb downwards.
There is a stone staircase leading up here.
A dart slug comes into view.
A dart slug is nearby!
A dart slug is nearby!
You hit the dart slug. You kick the dart slug!
You kill the dart slug!
Trog accepts your kill.
You see here a dart slug corpse.
A gnoll comes into view. It is wielding a +0 whip.
A gnoll is nearby!
A gnoll is nearby!
A gnoll comes into view. It is wielding a +0 spear.
A gnoll comes into view. It is wielding a +0 club.
The gnoll shouts! x2; You hear a shout!
You hit the gnoll. You kick the gnoll, but do no damage.
The gnoll is moderately wounded.
The gnoll hits you from afar with a +0 spear!
The gnoll hits you with a +0 whip!
A gnoll comes into view. It is wielding a +0 spear.
You hit the gnoll but do no damage. Your kick misses the gnoll.
The gnoll is moderately wounded.
The gnoll hits you but does no damage. The gnoll hits you with a +0 whip!
* * * LOW HITPOINT WARNING * * *
You sock the gnoll!
The gnoll is severely wounded.
The gnoll hits you from afar with a +0 spear!
You die...

+.........
#.......#
#########.......#
#<......†.......+
#########.......##
####.#...#
#.###.###.#
#.#.......#
#.#.#@#####
#.#..g# #.#..gg
#.#.#... #.#.#.#..
#.#...#. # #####.#
#


You could see 3 gnolls.

Vanquished Creatures
  2 adders (D:2)
  2 dart slugs
  2 ball pythons
  4 endoplasms
  5 giant cockroaches
  6 goblins (D:2)
  6 hobgoblins
  3 bats (D:2)
  A frilled lizard (D:2)
  4 kobolds
  5 rats
40 creatures vanquished.

Notes
Turn   | Place    | Note
-------+----------+-------------------------------------------
     0 | D:1      | zepal the Demonspawn Berserker began the quest for the Orb.
     0 | D:1      | Reached XP level 1. HP: 18/18 MP: 1/1
   368 | D:1      | Gained mutation: You have large cloven feet. [demonic
                  | ancestry]
   368 | D:1      | Reached XP level 2. HP: 23/24 MP: 2/2
   978 | D:2      | Gained mutation: You have hoof-like feet. [demonic
                  | ancestry]
   978 | D:2      | Reached XP level 3. HP: 19/29 MP: 3/3
  1168 | D:2      | Reached ** piety under Trog
  1173 | D:2      | Found The Oracle's Delphic Readings.
  1830 | D:3      | Slain by a gnoll

Illustrated notes

Levels and vault maps discovered:
D:1:      dpeg_arrival_chambers_temple_mockup, layout_loops_cross,
          serial_park_tiny_pond, dreamdust_wishing_well
D:2:      layout_loops_ring, nicolae_nh_oracle_at_delphi
D:3:      layout_basic, minmay_misc_feat_cross, uniq_robin

Skill      XL: |  1  2 |
---------------+-------+-----
Armour         | 2 |  2.3
Dodging        | 2 |  2.4
Maces & Flails | 3 |  3.2
Fighting       | |  3.6

Action                     || total
---------------------------++-------
  Melee: Mace              ||    97
         Kick              ||    20
   Stab: Sleeping          ||     1
 Armour: Animal skin       ||    57
  Dodge: Dodged            ||    64
